 Dungeon Crawl Stone Soup version 0.21.1-1-g345015f (webtiles) character file.

36 kae the Insei (level 3, -2/26 HPs)
             Began as a Demonspawn Transmuter on June 9, 2018.
             Slain by a worm (8 damage)
             ... on level 2 of the Dungeon.
             The game lasted 00:01:46 (1367 turns).

kae the Insei (Demonspawn Transmuter)               Turns: 1367, Time: 00:01:47

Health: -2/26      AC:  4    Str: 10    XL:     3   Next: 19%
Magic:  4/6        EV: 12    Int: 14    God:
Gold:   0          SH:  0    Dex: 14    Spells: 0/6 levels left

rFire    . . .     SeeInvis .   g - -2 short sword (curse)
rCold    . . .     Gourm    .   (no shield)
rNeg     . . .     Faith    .   b - +0 robe
rPois    .         Spirit   .   (no helmet)
rElec    .         Reflect  .   (no cloak)
rCorr    .         Harm     .   (no gloves)
MR       .....                  (no boots)
Stlth    +.........             (no amulet)
HPRegen  0.08/turn              (no ring)
MPRegen  0.10/turn              (no ring)

@: no status effects
A: iridescent scales 1, demonic guardian 1
a: no special abilities


You were on level 2 of the Dungeon.
You were not hungry.

You visited 1 branch of the dungeon, and saw 2 of its levels.

Inventory:

Hand Weapons
 g - a cursed -2 short sword (weapon)
Missiles
 a - 7 arrows
Armour
 b - a +0 robe (worn)
Jewellery
 f - an uncursed ring of flight {unknown}
Potions
 e - a potion of might
 h - a potion of cancellation {unknown}
 i - a potion of haste {unknown}
 j - a potion of invisibility {unknown}
Books
 c - a book of Changes

   Spells                             Type                      Level
   a - Beastly Appendage              Transmutation                1
   b - Sticks to Snakes               Transmutation                2
   c - Spider Form                    Transmutation/Poison         3
   d - Ice Form                       Ice/Transmutation            4
   e - Blade Hands                    Transmutation                5
Comestibles
 d - 3 rations


   Skills:
 + Level 1.3 Fighting
 + Level 2.0 Dodging
 * Level 3.1 Unarmed Combat
 + Level 2.2 Spellcasting
 * Level 2.2 Transmutations


You couldn't memorise any spells.
You knew the following spells:

 Your Spells              Type           Power        Failure   Level  Hunger
a - Beastly Appendage     Tmut           #.....       9%          1    #......
b - Sticks to Snakes      Tmut           #.......     14%         2    ###....
c - Spider Form           Tmut/Pois      #.........   41%         3    ###....


Dungeon Overview and Level Annotations

Branches:
Dungeon (2/15)

Altars:


Innate Abilities, Weirdness & Mutations

You are partially covered in iridescent scales. (AC +2)
A weak demonic guardian rushes to your aid.


Message History

Your ball python constricts the worm.
You hit the worm but do no damage.
The worm is moderately wounded.
Your ball python bites the worm.
Your ball python constricts the worm.
The worm barely misses you.
A kobold comes into view.
You completely miss the worm.
The worm is heavily wounded.
Your ball python bites the worm.
Your ball python constricts the worm.
The worm bites you!
* * * LOW HITPOINT WARNING * * *
You hit the worm but do no damage.
The worm is heavily wounded.
Your ball python bites the worm.
Your ball python constricts the worm.
Your ball python bites the worm.
Your ball python constricts the worm.
You hit the worm but do no damage.
The worm is severely wounded.
Your ball python bites the worm but does no damage.
Your ball python constricts the worm.
The worm bites you!
You die...

,* *,,,,*******,*
*,*****,,*,*,,, ,*
*,,,,,,,,,,,,* #.# **,*,****
,*
****,*********##.#*****,.,,,,,
,* *,,,,,,,,,,,...,,,,,..,****
,* *,***########.#####...,* **
*** #....$...#.....,,,*
#....*#......,,,*,*
#...S###.#.#*****,*
******#...w@.....### *>*
*,,,...K..####.....# ***
******,,,......###....#.#
,,,,,,,,,.............#.#
*,,,,,,,,...,,.###.†..#,#
####### ***,,,,,,##*,,,*
#....#,# #.....# ,_***,,,,*
*,,,* #....#.# #.###.# ***
****,* *,,,* #....#.# #.# #.#
* *,* ***** #......# #.# #.#


You could see a worm, a kobold and a friendly ball python.

Vanquished Creatures
  2 dart slugs (D:1)
  A leopard gecko (D:1)
  2 giant cockroaches (D:1)
  3 goblins (D:1)
  8 kobolds (D:1)
  6 bats
  A frilled lizard (D:1)
  3 rats
26 creatures vanquished.

Vanquished Creatures (collateral kills)
  A dart slug (D:1)
  A giant cockroach (D:1)
  3 jackals (D:1)
  A kobold (D:1)
  A rat (D:1)
7 creatures vanquished.

Grand Total: 33 creatures vanquished

Notes
Turn   | Place    | Note
-------+----------+-------------------------------------------
     0 | D:1      | kae the Demonspawn Transmuter began the quest for the Orb.
     0 | D:1      | Reached XP level 1. HP: 15/15 MP: 3/3
   220 | D:1      | Gained mutation: You are partially covered in iridescent scales. (AC +2) [demonic ancestry]
   220 | D:1      | Reached XP level 2. HP: 17/21 MP: 3/5
   517 | D:1      | Learned a level 2 spell: Sticks to Snakes
   533 | D:1      | Reached skill level 3 in Unarmed Combat
  1001 | D:1      | Gained mutation: A weak demonic guardian rushes to your aid. [demonic ancestry]
  1001 | D:1      | Reached XP level 3. HP: 21/26 MP: 4/6
  1006 | D:1      | Learned a level 3 spell: Spider Form
  1367 | D:2      | Slain by a worm

Skill      XL: |  1  2 |
---------------+-------+-----
Transmutations | 2 |  2.2
Unarmed Combat | 3 |  3.1
Dodging        | 2 |  2.0
Fighting       | |  1.3
Spellcasting   | |  2.2

Action                   || total
-------------------------++-------
Melee: Unarmed           ||    27
       Headbutt          ||     1
       Short sword       ||   126
       Kick              ||     3
       Punch             ||     1
 Cast: Beastly Appendage ||     8
       Sticks to Snakes  ||     5
  Use: Scroll            ||     6
 Stab: Sleeping          ||     3
  Eat: Chunk             ||     2
Armor: Robe              ||    63
Dodge: Dodged            ||   135
